 Dungeon Crawl Stone Soup version 0.23-a0-416-g33f1def (webtiles) character file.

562 kirsanium the Sneak (level 7, 0/43 HPs)
             Began as an Octopode Transmuter on Nov 9, 2018.
             Slain by a jelly (1 damage)
             ... on level 5 of the Dungeon.
             The game lasted 00:07:49 (5464 turns).

kirsanium the Sneak (Octopode Transmuter)           Turns: 5464, Time: 00:07:50

Health: 0/43       AC: -6    Str:  9    XL:     7   Next: 31%
Magic:  11/11      EV: 21    Int: 17    God:
Gold:   285        SH:  0    Dex: 16    Spells: 6/12 levels left

rFire    . . .     SeeInvis .     - Unarmed
rCold    + . .     Gourm    .   (shield currently unavailable)
rNeg     . . .     Faith    .   (helmet currently unavailable)
rPois    x         Spirit   .   (no amulet)
rElec    .         Reflect  .   k - ring of protection from cold
rCorr    .         Harm     .   (no ring)
MR       .....                  (no ring)
Stlth    +++.......             (no ring)
HPRegen  0.14/turn              (no ring)
MPRegen  0.12/turn              (no ring)
                                (no ring)
                                (no ring)

@: spider-form (expiring), corroded
A: tiny, almost no armour, stealthy swim, (amphibious), 8 rings, (constrict 8),
clumsy 1
a: End Transformation


You were on level 5 of the Dungeon.
You were not hungry.
You were a venomous arachnid creature.
You visited 1 branch of the dungeon, and saw 5 of its levels.

You collected 285 gold pieces.

Inventory:

Missiles
 a - 33 arrows
Jewellery
 k - a ring of protection from cold (left front leg)
Wands
 i - a wand of iceblast (3)
 m - a wand of polymorph (6)
Scrolls
 b - 2 scrolls of teleportation {unknown}
 d - 5 scrolls of identify {unknown}
 e - 2 scrolls of fear {unknown}
 f - 2 scrolls of blinking {unknown}
 g - 2 scrolls of random uselessness {unknown}
 j - a scroll of amnesia {unknown}
 l - 3 scrolls of enchant armour {unknown}
 n - a scroll of enchant weapon {unknown}
 o - a scroll of fog {unknown}
 p - 2 scrolls of magic mapping {unknown}
Potions
 h - 2 potions of haste {unknown}
Comestibles
 c - 9 rations
 q - 3 chunks of flesh


   Skills:
 + Level 1.2 Fighting
 + Level 3.3 Dodging
 - Level 5.0 Stealth
 + Level 3.1 Unarmed Combat
 - Level 3.0 Spellcasting
 * Level 4.1 Transmutations
 - Level 4.1 Poison Magic


You had 6 spell levels left.
You knew the following spells:

 Your Spells              Type           Power        Failure   Level  Hunger
a - Beastly Appendage     Tmut           ###...       11%         1    None
b - Sticks to Snakes      Tmut           ###.....     14%         2    ##.....
c - Spider Form           Tmut/Pois      ###.......   24%         3    ###....

Your spell library contained the following spells:

 Spells                   Type           Power        Failure   Level  Hunger
 Ice Form                 Ice/Tmut       #.......     78%         4    ####...
 Blade Hands              Tmut           ###.......   83%         5    ######.


Dungeon Overview and Level Annotations

Branches:
Dungeon (5/15)
 Temple: D:4-7

Altars:
Okawaru
Qazlal
Ru
Trog
Uskayaw
Yredelemnul
The Shining One

Annotations:
D:4 exclusion: phantom
D:5 Menkaure


Innate Abilities, Weirdness & Mutations

You cannot wear most types of armour.
You are very stealthy in the water. (Stealth+)
((You are amphibious.))
You can wear up to eight rings at the same time.
((You can use your tentacles to constrict eight enemies at once.))
((Your skin changes colour to match your surroundings (Stealth+).))
((Your rubbery body absorbs attacks. (AC +1, EV +1)))
((You have a pair of small antennae on your head.))
You are clumsy. (Dex -2)


Message History

The adder is moderately wounded.
The adder misses you.
You completely miss the adder.
The adder is heavily wounded.
The adder barely misses you.
You barely miss the adder.
The adder is severely wounded.
You kill the adder!
A gnoll comes into view. It is wielding a +1 spear of venom.
The gnoll moves out of view.
A water moccasin comes into view.
The jelly closely misses you.
Things that are here:
a +0 giant spiked club; an ogre skeleton A gnoll comes into view.
It is wielding a +0 club.
The gnoll hits you with a +0 club!
* * * LOW HITPOINT WARNING * * *
Your transformation is almost over.
The jelly hits you.
You die...

M.......##..##.....#....#..
...##.. #...#..).###...#
.....# #.....#### ...##
###...#####......#......
#......# ##........#g...
#.....#### #....#..##....S
#..#.....###...## .# .....
#..#......##..J## #
#.#........##..gs##..
............#.........#
##...............#.####
#.................##
....###.##..........#
...###......g.......#
...#................# ##
##....##..<......#
#######.........#


You could see a jelly and 2 gnolls.

Vanquished Creatures
  An ogre (D:5)
  A scorpion (D:4)
  2 orc priests
  2 hounds (D:4)
  A bullfrog skeleton (D:4)
  An iguana (D:4)
  3 orc wizards
  6 adders
  An ooze (D:2)
  An adder skeleton (D:3)
  A worm (D:3)
  5 dart slugs
  2 leopard geckos
  8 orcs
  4 ball pythons
  3 bats
  8 giant cockroaches
  10 goblins
  5 hobgoblins
  17 jackals
  A quokka (D:1)
  8 frilled lizards
  6 kobolds
  11 rats
108 creatures vanquished.

Vanquished Creatures (collateral kills)
  An ooze (D:2)
  A kobold (D:2)
2 creatures vanquished.

Vanquished Creatures (others)
  4 toadstools (D:1)
4 creatures vanquished.

Grand Total: 114 creatures vanquished

Notes
Turn   | Place    | Note
-------+----------+-------------------------------------------
     0 | D:1      | kirsanium the Octopode Transmuter began the quest for the
                  | Orb.
     0 | D:1      | Reached XP level 1. HP: 13/13 MP: 3/3
    47 | D:1      | Reached skill level 1 in Stealth
    47 | D:1      | Reached XP level 2. HP: 13/18 MP: 5/5
   300 | D:1      | Learned a level 2 spell: Sticks to Snakes
   537 | D:1      | Reached XP level 3. HP: 19/23 MP: 6/6
   597 | D:1      | Learned a level 3 spell: Spider Form
  1059 | D:2      | Reached skill level 2 in Stealth
  1235 | D:2      | Reached skill level 1 in Poison Magic
  1430 | D:2      | Reached XP level 4. HP: 24/28 MP: 7/7
  1591 | D:2      | Gained mutation: You are clumsy. (Dex -2) [potion of
                  | mutation]
  1591 | D:2      | Gained mutation: You have a pair of small antennae on your
                  | head. [potion of mutation]
  1838 | D:2      | Found a faded altar of an unknown god.
  2249 | D:3      | Found a bloodstained altar of Trog.
  2538 | D:3      | Found a sacrificial altar of Ru.
  2546 | D:3      | Reached skill level 3 in Stealth
  2546 | D:3      | Reached XP level 5. HP: 18/33 MP: 9/9
  2837 | D:3      | Found an iron altar of Okawaru.
  3051 | D:3      | Found a hide-covered altar of Uskayaw.
  3053 | D:3      | Found a basalt altar of Yredelemnul.
  3055 | D:3      | Found a glowing golden altar of the Shining One.
  3214 | D:4      | Reached XP level 6. HP: 18/38 MP: 6/10
  3228 | D:3      | Reached skill level 4 in Stealth
  3693 | D:4      | Noticed a phantom
  4974 | D:5      | Entered Level 5 of the Dungeon
  5004 | D:4      | Reached XP level 7. HP: 11/43 MP: 5/11
  5004 | D:4      | Reached skill level 5 in Stealth
  5367 | D:5      | Noticed Menkaure
  5434 | D:5      | Found a stormy altar of Qazlal.
  5462 | D:5      | HP: 1/43 [gnoll/+0 club (7)]
  5464 | D:5      | Slain by a jelly

Vault maps used:
D:1:      ldierk_walled_garden_2, serial_co_window_serial, co_window_cross_1,
          co_window_cross_1, co_window_corner_a, co_window_paths_a,
          co_window_of_opportunity_a, co_window_corner_b, co_window_2corner,
          co_window_unsneaky_path_e, co_window_corner_ca, co_window_4corner_b,
          glass_columns_a
D:2:      chequers_ecumenical_altar_lobes, minmay_large_rounded_square,
          kennysheep_crisscross
D:3:      nicolae_overflow_hidden_temple, nicolae_ru_great_annihilating_truth
D:4:      kennysheep_generic_room_14
D:5:      grunt_qazlal_clouds, first_ration, eino_tiny_chamber, tgw_trog,
          uniq_menkaure

Skill      XL: |  1  2  3  4  5  6  7 |
---------------+----------------------+-----
Stealth        | 1 2 3 4 5 |  5.0
Poison Magic   | 1 2 3 4 |  4.1
Transmutations | 3 4 |  4.1
Spellcasting   | 3 |  3.0
Dodging        | 3 |  3.3
Fighting       | |  1.2
Unarmed Combat | |  3.1

Action                   |  1- 3 |  4- 6 |  7- 9 || total
-------------------------+-------+-------+-------++-------
Melee: Unarmed           |    92 |   177 |    18 ||   287
       Constrict         |    23 |    26 |     1 ||    50
       Tentacles         |    15 |    15 |     3 ||    33
       Punch             |     4 |     1 |       ||     5
 Cast: Spider Form       |       |    12 |     2 ||    14
       Sticks to Snakes  |       |     2 |       ||     2
Evoke: Wand              |       |     3 |       ||     3
  Use: Potion            |       |     5 |       ||     5
 Stab: Sleeping          |    13 |     6 |     1 ||    20
       Paralysed         |       |     1 |       ||     1
  Eat: Chunk             |     2 |    12 |     2 ||    16
Armor: Skin              |     5 |    14 |       ||    19
Dodge: Dodged            |    58 |   132 |    16 ||   206

Table legend:
 A = Non-vault XP
 B = Vault XP
 C = Vault XP percentage of total XP
 D = Non-vault monster count
 E = Vault monster count
 F = Vault count percentage of total count
                 A         B        C        D         E       F
            +---------+---------+-------+---------+---------+-------
      Total |     786 |      17 |   2.1 |     106 |       4 |   3.6
            +---------+---------+-------+---------+---------+-------
        D:1 |      47 |       0 |   0.0 |      25 |       0 |   0.0
        D:2 |      80 |       0 |   0.0 |      29 |       0 |   0.0
        D:3 |     179 |      17 |   8.7 |      30 |       4 |  11.8
        D:4 |     340 |       0 |   0.0 |      19 |       0 |   0.0
        D:5 |     140 |       0 |   0.0 |       3 |       0 |   0.0
            +---------+---------+-------+---------+---------+-------
